Map: 2000 Atmospheres LE

Players

Neeblet (Neeb)

  • Race: Protoss Protoss

HeroMarine - Winner!

  • Race: Terran Terran
  • League: Grandmaster

Event: DreamHack SC2 Masters 2021 Summer

VOD

Have the link to the VOD?

Description

Time

  • Played on: July 2, 2021, 12:56 p.m.
  • Length: 10:53

All games in this series

Show
View Real Time Build Order
Export as new Build Order

Neeblet Protoss 

Build Orders: 1 Gate Expand, Blink Stalkers 

Get SALT Encoding   

  12  0:00  Probe  
  13  0:12  Probe  
  14  0:19  Pylon  
  14  0:24  Probe  
  15  0:37  Probe (Chrono Boost)  
  15  0:39  Gateway  
  16  0:46  Probe (Chrono Boost)  
  16  0:47  Assimilator  
  17  0:51  Probe (Chrono Boost)  
  18  1:03  Probe  
  19  1:16  Probe  
  20  1:23  Nexus  
  20  1:35  Cybernetics Core  
  20  1:37  Probe  
  21  1:42  Assimilator  
  21  1:49  Probe  
  21  1:52  Pylon  
  22  2:02  Probe (Chrono Boost)  
  23  2:09  Adept (Chrono Boost)  
  23  2:11  Probe (Chrono Boost)  
  23  2:12  Warp Gate  
  26  2:16  Probe (Chrono Boost)  
  27  2:23  Twilight Council  
  27  2:28  Probe  
  28  2:33  Stalker  
  30  2:44  Probe (Chrono Boost)  
  30  2:45  Probe (Chrono Boost)  
  31  2:54  Probe (Chrono Boost)  
  31  2:57  Probe (Chrono Boost)  
  33  2:59  Probe (Chrono Boost)  
  33  3:02  Blink (Chrono Boost)  
  34  3:06  Probe  
  34  3:11  Probe  
  36  3:18  Probe  
  37  3:21  Robotics Facility  
  37  3:23  Probe  
  37  3:24  Gateway  
  38  3:36  Probe  
  38  3:38  Probe, Shield Battery  
  38  3:48  Probe  
  38  3:50  Gateway  
  38  3:51  Gateway, Probe  
  40  4:00  Stalker, Probe  
  43  4:02  Pylon  
  43  4:04  Pylon  
  43  4:05  Probe  
  43  4:07  Warp Prism (Chrono Boost)  
  42  4:15  Probe  
  45  4:20  Probe  
  45  4:21  Stalker  
  48  4:25  Stalker  
  48  4:27  Pylon  
  48  4:30  Probe  
  51  4:35  Probe  
  51  4:37  Observer  
  53  4:38  Assimilator  
  53  4:45  Stalker  
  53  4:47  Pylon  
  53  4:51  Stalker x3  
  61  4:53  Probe  
  61  4:57  Probe  
  63  5:00  Pylon  
  63  5:11  Probe  
  63  5:12  Stalker  
  64  5:15  Stalker x3  
  70  5:21  Probe  
  70  5:22  Assimilator  
  71  5:34  Immortal  
  76  5:35  Probe  
  76  5:39  Probe  
  77  5:44  Pylon  
  77  5:47  Nexus  
  77  5:53  Probe  
  77  5:56  Sentry x2  
  77  5:57  Stalker  
  84  6:00  Shield Battery  
  84  6:05  Shield Battery  
  84  6:06  Probe  
  84  6:10  Robotics Bay  
  85  6:13  Probe  
  86  6:20  Immortal (Chrono Boost)  
  86  6:22  Probe  
  86  6:25  Probe  
  82  6:32  Stalker x2  
  86  6:36  Stalker  
  86  6:39  Probe  
  89  6:40  Shield Battery  
  89  6:44  Probe  
  90  6:50  Stalker  
  90  6:53  Gateway  
  89  6:54  Gateway  
  89  7:00  Stalker x2  
  77  7:10  Stalker  
  77  7:11  Probe x2  
  72  7:17  Probe  
  72  7:19  Pylon  
  72  7:21  Stalker  
  72  7:26  Stalker x2  
  76  7:35  Probe  
  62  7:39  Colossus (Chrono Boost)  
  60  7:47  Sentry x2  
  64  7:53  Stalker  
  64  7:54  Stalker  
  64  7:57  Probe x2  
  68  8:03  Probe  
  69  8:11  Sentry x2  
  69  8:12  Zealot x2  
  75  8:19  Shield Battery  
  77  8:20  Zealot x2  
  77  8:26  Colossus (Chrono Boost)  
  87  8:34  Charge (Chrono Boost)  
  87  8:35  Zealot  
  87  8:37  Zealot x2  
  93  8:54  Stalker x3  
  93  8:59  Probe  
  93  9:00  Probe x2  
  93  9:01  Stalker  
  98  9:07  Stalker x2  
  102  9:13  Probe  
  102  9:14  Probe x2  
  105  9:26  Probe  
  105  9:27  Pylon  
  105  9:28  Pylon  
  106  9:31  Assimilator  
  106  9:34  Templar Archives  
  106  9:36  Assimilator  
  105  9:44  Colossus (Chrono Boost), Probe (Chrono Boost)  
  108  9:49  Probe x2 (Chrono Boost)  
  114  9:54  Zealot x3  
  114  9:55  Probe (Chrono Boost)  
  114  9:58  Probe x2 (Chrono Boost)  
  123  10:00  Zealot  
  125  10:08  Pylon x2  
  125  10:18  Gateway  
  125  10:19  Gateway  
  125  10:23  Pylon x2  
  125  10:27  Zealot x4  
  133  10:35  Zealot x2  
Show
View Real Time Build Order
Export as new Build Order

HeroMarine Terran - Winner!

Build Orders: Gas First Reaper Expand 

Get SALT Encoding   

  12  0:00  SCV  
  13  0:12  SCV  
  14  0:17  Supply Depot  
  14  0:24  SCV  
  15  0:31  Refinery  
  15  0:38  SCV  
  16  0:43  Barracks  
  16  0:51  SCV  
  17  1:03  SCV  
  18  1:15  SCV  
  19  1:30  Reaper, Orbital Command  
  20  1:46  Command Center  
  20  1:57  Factory  
  21  2:01  SCV  
  21  2:07  Barracks Reactor  
  21  2:10  Supply Depot  
  21  2:13  SCV  
  22  2:24  Barracks  
  22  2:25  SCV  
  23  2:37  SCV  
  24  2:49  Hellion x2  
  24  2:50  SCV  
  29  2:51  Barracks Tech Lab  
  29  2:58  Orbital Command  
  29  3:02  SCV  
  30  3:10  Marine  
  30  3:11  Stimpack  
  31  3:14  SCV  
  31  3:16  Refinery  
  31  3:18  Engineering Bay  
  32  3:24  Marine x2  
  32  3:26  SCV x2  
  36  3:28  Marine  
  37  3:38  SCV x2  
  39  3:41  Marine  
  39  3:42  Marine  
  40  3:50  SCV x2  
  40  3:52  Factory Reactor  
  40  3:53  Marine, Starport  
  43  4:02  SCV x2  
  45  4:04  Barracks  
  45  4:07  Supply Depot  
  45  4:09  Terran Infantry Weapons Level 1  
  44  4:10  Refinery  
  44  4:14  SCV x2, Bunker  
  46  4:28  SCV, Marine x2  
  46  4:29  SCV, Marauder  
  46  4:31  Supply Depot  
  52  4:33  Medivac  
  52  4:37  Widow Mine  
  56  4:40  Widow Mine  
  56  4:41  SCV x2  
  56  4:43  Supply Depot  
  60  4:48  Marine  
  60  4:50  Marine  
  60  4:52  Marine  
  65  4:53  Marauder  
  65  4:57  SCV, Supply Depot  
  65  4:58  SCV  
  67  5:06  Marine  
  68  5:07  Factory Tech Lab  
  68  5:08  Marine  
  66  5:15  Medivac  
  66  5:18  Marauder  
  66  5:21  Marine x2  
  70  5:24  Supply Depot  
  72  5:31  Siege Tank  
  72  5:32  Marine x2  
  76  5:39  Marine  
  76  5:41  Combat Shield  
  76  5:42  Marauder  
  79  5:44  SCV x2  
  79  5:46  Refinery  
  79  5:48  Medivac  
  79  5:49  Marine  
  84  5:50  Marine  
  84  5:53  Marine  
  84  5:56  SCV x2, Marine  
  87  6:03  Siege Tank, Supply Depot  
  90  6:08  SCV x2, Marauder  
  90  6:10  Supply Depot  
  94  6:15  Marine  
  94  6:16  Marine  
  94  6:19  Marine  
  94  6:24  Medivac  
  94  6:25  Marine  
  97  6:26  Supply Depot  
  97  6:29  Marauder  
  97  6:31  Supply Depot  
  99  6:33  Marine  
  99  6:34  Marine  
  99  6:35  Siege Tank  
  99  6:37  Marine  
  105  6:41  Missile Turret  
  105  6:44  SCV x2  
  105  6:45  Marine  
  104  6:50  Marauder  
  104  6:51  Marine  
  104  6:52  Marine  
  106  6:55  Marine, Starport Reactor  
  106  6:56  SCV x2  
  103  7:03  Marine  
  103  7:07  Siege Tank  
  103  7:08  SCV x2  
  105  7:09  Marine  
  105  7:10  Marine  
  105  7:11  Marine  
  105  7:13  Marine  
  98  7:21  Marine  
  100  7:25  Concussive Shells  
  100  7:26  Marine  
  100  7:28  Marine  
  100  7:29  Marine  
  101  7:31  Marine, Command Center  
  101  7:35  SCV  
  101  7:36  SCV  
  93  7:39  Marine, Siege Tank  
  85  7:44  Marine  
  85  7:46  Marine, Medivac  
  85  7:47  Marine, Medivac  
  85  7:49  Marine  
  93  7:52  Barracks  
  93  7:53  Barracks  
  93  7:56  Marine  
  93  8:02  SCV x2, Marine  
  93  8:03  Marine  
  98  8:05  Marauder  
  98  8:10  Marine  
  98  8:12  Siege Tank  
  102  8:14  SCV x2, Marine  
  105  8:20  Marine  
  105  8:21  Marine  
  105  8:26  SCV x2  
  112  8:27  Marine  
  112  8:28  Marauder  
  112  8:32  Marine  
  116  8:35  Supply Depot  
  116  8:38  Marine  
  116  8:39  Marine  
  118  8:44  Siege Tank, Barracks Tech Lab x2  
  118  8:45  Marine  
  118  8:46  SCV x2  
  124  8:49  Marine  
  124  8:50  Marine  
  124  8:54  Viking x2  
  124  8:56  Marine  
  124  8:58  SCV x2  
  127  9:08  Orbital Command  
  127  9:14  Marauder x2  
  131  9:19  Marauder  
  131  9:21  Siege Tank  
  136  9:24  Viking  
  136  9:29  Viking  
  140  9:35  Marauder x2  
  140  9:38  Supply Depot x2  
  144  9:43  Marauder  
  144  9:44  Marine x3  
  144  9:45  Marine  
  148  9:49  Refinery  
  148  9:51  Refinery  
  149  9:54  Viking  
  149  9:56  Marine, Marauder  
  149  9:59  Viking  
  156  10:02  Siege Tank  
  156  10:03  Armory  
  158  10:11  Marauder  
  158  10:13  Bunker  
  158  10:14  Marine x2, Marauder  
  160  10:16  Marine x2  
  160  10:20  Marauder  
  168  10:22  Missile Turret  
Tags
 
Add a new tag
Caveats
  • Supply blocks, unpowered buildings, or Contaminate may cause inaccurate times.
  • Supply counts are checked every 10 seconds.